 Dungeon Crawl Stone Soup version 0.30.0-5-g1a98f26d00 (webtiles) character file.

Game seed: 184650027490563660

68 Heoruswealwe the Magician (level 4, -11/24 HPs)
             Began as a Deep Elf Earth Elementalist on May 8, 2023.
             Mangled by Crazy Yiuf
             ... wielding a +3 quarterstaff of chaos
              (16 damage)
             ... on level 2 of the Dungeon.
             The game lasted 00:14:23 (1268 turns).

Heoruswealwe the Magician (DEEE)                    Turns: 1268, Time: 00:14:25

Health: -11/24     AC:  2    Str:  5    XL:     4   Next: 1%
Magic:  9/12       EV: 12    Int: 22    God:
Gold:   43         SH:  0    Dex: 15    Spells: 2/12 levels left

rFire   . . .        (no weapon)
rCold   . . .        d - orb {light}
rNeg    . . .        c - +0 robe
rPois   .            (no helmet)
rElec   .            (no cloak)
rCorr   .            (no gloves)
SInv    .            (no boots)
Will    .....        (no amulet)
Stlth   +            (no ring)
HPRegen 0.24/turn    (no ring)
MPRegen 0.13/turn

%: no passive effects
@: glowing
A: no striking features
a: no special abilities


You were on level 2 of the Dungeon.
You visited 1 branch of the dungeon, and saw 2 of its levels.

You collected 43 gold pieces.

Inventory:

Armour
 c - a +0 robe (worn)
 d - an orb of light (worn)
Scrolls
 e - a scroll of fear
 h - a scroll of enchant armour {unknown}
Potions
 a - a potion of flight
 b - a potion of magic
 f - a potion of curing
 g - 2 potions of ambrosia


   Skills:
 - Level 2.4 Dodging
 - Level 2.4 Stealth
 + Level 4.7 Spellcasting
 - Level 1.1 Transmutations
 + Level 4.4 Earth Magic


You had 2 spell levels left.
You knew the following spells:

 Your Spells              Type           Power      Damage    Failure   Level
a - Sandblast             Erth           48%        2d12      1%          1
b - Stone Arrow           Conj/Erth      30%        3d8       13%         3
c - Petrify               Tmut/Erth      17%        N/A       32%         4
z - Passwall              Tmut/Erth      14%        N/A       4%          2

Your spell library contained the following spells:

 Spells                   Type           Power      Damage    Failure   Level
 Foxfire                  Conj/Fire      20%        2x1d5     11%         1
 Inner Flame              Hex/Fire       5%         N/A       30%         3
 Yara's Violent Unravell  Hex/Tmut       3%         3d4       93%         5
 Fireball                 Conj/Fire      2%         3d4       96%         5
 Plasma Beam              Fire/Air       2%         2x1d14    100%        6
 Starburst                Conj/Fire      2%         6d3       100%        6
 Enfeeble                 Hex            2%         N/A       100%        7


Dungeon Overview and Level Annotations

Branches:
Dungeon (2/15)

Altars:
Gozag

Annotations:
D:2 Crazy Yiuf


Message History

Found a short sword.
An endoplasm comes into view.
Found a ring mail.
The endoplasm quivers.
The blast of sand hits the endoplasm!
You kill the endoplasm!
You have reached level 4!
You feel clever.
This spell is astonishingly dangerous to cast!
Memorise Petrify, consuming 4 spell levels and leaving 2?
You start memorising the spell.
You continue memorising. x4
You finish memorising.
Spell assigned to 'c'.
You see here a +0 short sword.
You see here a +0 ring mail.
You see here a +0 short sword.
Found 9 gold pieces.
You see here a +0 dagger.
You pick up a book of Misfortune and begin reading...
You add the spells Inner Flame, Yara's Violent Unravelling and Enfeeble to your library.
You now have 43 gold pieces (gained 9).
Okay, then.
You see here a +0 dagger.
Found a hammer.
Found a runed translucent door.
Crazy Yiuf shouts!
Crazy Yiuf yells, "Tosser!
Tosser snockshim Orb Guardian."
You open the door.
The blast of sand misses Crazy Yiuf.
Crazy Yiuf barely misses you.
The blast of sand hits Crazy Yiuf.
Crazy Yiuf is lightly wounded.
Crazy Yiuf closely misses you.
Crazy Yiuf hits you with a +3 quarterstaff of chaos.
Crazy Yiuf freezes you.
The blast of sand hits Crazy Yiuf but does no damage.
Crazy Yiuf is lightly wounded.
Crazy Yiuf hits you with a +3 quarterstaff of chaos!
Ouch! That really hurt!
* * * LOW HITPOINT WARNING * * *
You are electrocuted!
Ouch! That really hurt!
You die...

#### #.. #.#
#####.##### ###
##.........## ###..)#
....).......####@g...#
##...........#..##...#
#### ##.....#....#.###
### #...
........#######
#######.## #.......#
#........# #...#...#
####### ####........#
.......####.....#
#.#########)#
#...##..........#####.#
#...#
#...##########........#
#.###


You could see Crazy Yiuf.

Vanquished Creatures
  2 adders (D:2)
  A worm (D:2)
  3 dart slugs
  2 ball pythons (D:1)
  5 bats
  3 endoplasms
  4 giant cockroaches
  4 goblins
  4 hobgoblins (D:1)
  2 jackals (D:1)
  4 kobolds
  3 frilled lizards
  A rat (D:1)
38 creatures vanquished.

Notes
Turn   | Place    | Note
-------+----------+-------------------------------------------
     0 | D:1      | Heoruswealwe the Deep Elf Earth Elementalist began the
                  | quest for the Orb.
     0 | D:1      | Reached XP level 1. HP: 10/10 MP: 6/6
   258 | D:1      | Reached XP level 2. HP: 13/15 MP: 3/8
   261 | D:1      | Learned a level 2 spell: Passwall
   575 | D:1      | Reached XP level 3. HP: 19/19 MP: 6/10
   597 | D:1      | Learned a level 3 spell: Stone Arrow
   911 | D:2      | Found an opulent altar of Gozag.
  1182 | D:2      | Reached XP level 4. HP: 24/24 MP: 10/12
  1187 | D:2      | Learned a level 4 spell: Petrify
  1261 | D:2      | Found a runed translucent door.
  1262 | D:2      | Noticed Crazy Yiuf
  1268 | D:2      | Mangled by Crazy Yiuf

Illustrated notes

Levels and vault maps discovered:
D:1:      nicolae_arrival_somewhat_less_tricky_arrival, layout_basic,
          nicolae_kite_square_tiling_tiny
D:2:      layout_loops_ring, basic_altar, nicolae_elevator_lobby_plus,
          uniq_crazy_yiuf_cottage

Skill      XL: |  1  2 |
---------------+-------+-----
Spellcasting   | 4 |  4.7
Earth Magic    | 4 |  4.4
Dodging        | |  2.4
Stealth        | |  2.4
Transmutations | |  1.1

Action                     |  1- 3 |  4- 6 || total
---------------------------+-------+-------++-------
   Cast: Sandblast         |    53 |     3 ||    56
    Use: Scroll            |     4 |       ||     4
 Armour: Robe              |     6 |       ||     6
  Dodge: Dodged            |    10 |     2 ||    12
